 Dungeon Crawl Stone Soup version 0.30-a0-1116-gebefce21f7 (webtiles) character file.

Game seed: 5075438789092107502

1582305 Lobster4 the Merry Minotaur (level 27, 78/218 HPs)
             Began as a Minotaur Hunter on Apr 20, 2023.
             Was the Champion of Hepliaklqana.
             Escaped with the Orb
             ... and 3 runes on Apr 21, 2023!
             The game lasted 04:32:47 (82555 turns).

Lobster4 the Merry Minotaur (Minotaur Hunter)      Turns: 82555, Time: 04:32:47

Health: 78/218     AC: 30    Str: 19    XL:     27
Magic:  41/41      EV: 20    Int: 14    God:    Hepliaklqana [******]
Gold:   6303       SH: 23    Dex: 29    Spells: 37/46 levels left

rFire   + + +      SeeInvis .    m - +5 hand crossbow (flame)
rCold   + . .      Faith    .    D - +1 kite shield {rF+}
rNeg    + . .      Spirit   .    F - quicksilver dragon scales
rPois   +          Reflect  +    (helmet restricted)
rElec   +          Rampage  .    G - +2 cloak {rPois}
rCorr   .                        N - +2 pair of gloves {infuse}
Will    ++++.                    x - +2 pair of boots
Stlth   +                        w - amulet "Itianlen" {Reflect Fragile rElec rC- Dex+6 SH+5}
HPRegen 0.56/turn                g - ring of Moderation {rF+ rC++ MP+9}
MPRegen 0.27/turn                k - ring of the Present {rF+ rN+ Will+ Int+6}

@: no status effects
A: reduced essence, horns 2, retaliatory headbutt, iridescent scales 1, frail 1,
low MP 1, inability to read after injury 2
0: Orb of Zot
}: 3/15 runes: decaying, serpentine, silver
a: Renounce Religion, Recall Ancestor, Ancestor Identity, Transference, Idealise


You escaped.
You worshipped Hepliaklqana.
Hepliaklqana was exalted by your worship.
You visited 11 branches of the dungeon, and saw 51 of its levels.
You visited the Abyss 1 time.
You also visited: Ice Cave and Volcano.

You collected 7229 gold pieces.
You spent 926 gold pieces at shops.

Inventory:

Hand Weapons
 a - a +6 longbow of flaming
 b - a +4 triple sword of flaming
 m - a +5 hand crossbow of flaming (weapon)
Missiles
 M - 4 throwing nets
 S - 8 curare-tipped darts
Armour
 e - a +2 tower shield of protection
 f - +2 storm dragon scales {Bai Suzhen}
 x - a +2 pair of boots (worn)
 D - a +1 kite shield of fire resistance (worn)
 F - quicksilver dragon scales (worn)
 G - a +2 cloak of poison resistance (worn)
 N - a +2 pair of gloves of infusion (worn)
Jewellery
 c - the ring "Kulek" {Fly Str+5}
   (You found it on level 5 of the Lair of Beasts)

   [ring of flight]

   Str:       It affects your strength (+5).
   Fly:       It grants you flight.
 g - the ring of Moderation (left hand) {rF+ rC++ MP+9}
   (You took it off a deep elf high priest on level 3 of the Elven Halls)

   [ring of magical power]

   rF:        It protects you from fire.
   rC:        It greatly protects you from cold.
   MP:        It affects your magic capacity (+9).
 k - the ring of the Present (right hand) {rF+ rN+ Will+ Int+6}
   (You found it on level 1 of the Crypt)

   [ring of intelligence]

   Int:       It affects your intelligence (+6).
   rF:        It protects you from fire.
   rN:        It protects you from negative energy.
   Will:      It increases your willpower.
 n - a ring of see invisible
 u - a ring of resist corrosion
 w - the amulet "Itianlen" (around neck) {Reflect Fragile rElec rC- Dex+6 SH+5}
   (You found it on level 14 of the Dungeon)

   [amulet of reflection]

   It reflects blocked missile attacks.
   Dex:       It affects your dexterity (+6).
   rC:        It makes you vulnerable to cold.
   rElec:     It insulates you from electricity.
   Fragile:   It will be destroyed if unequipped.
   SH:        It affects your SH (+5).
 y - the ring "Ewafof" {rPois Will+ Dex+3}
   (You took it off an ogre mage on level 5 of the Vaults)

   [ring of willpower]

   Dex:       It affects your dexterity (+3).
   rPois:     It protects you from poison.
   Will:      It increases your willpower.
Wands
 h - a wand of mindburst (47)
 l - a wand of quicksilver (15)
 q - a wand of iceblast (71)
 I - a wand of polymorph (15)
 O - a wand of flame (136)
 Q - a wand of paralysis (41)
 Y - a wand of digging (5)
Scrolls
 d - 12 scrolls of teleportation
 B - a scroll of enchant armour
 E - 10 scrolls of immolation
 H - 2 scrolls of fear
 J - 3 scrolls of poison
 K - 2 scrolls of magic mapping
 L - 4 scrolls of silence
 U - 7 scrolls of fog
Potions
 i - 3 potions of cancellation
 j - 20 potions of curing
 o - 2 potions of heal wounds
 p - 7 potions of resistance
 r - 11 potions of might
 s - 5 potions of invisibility
 v - 4 potions of berserk rage
 z - 11 potions of magic
 A - 8 potions of ambrosia
 V - 4 potions of mutation
 W - a potion of haste
 Z - 11 potions of lignification
Miscellaneous
 C - a lightning rod (4/4)
 T - a phantom mirror


   Skills:
 O Level 27 Fighting
 - Level 4.0(12.6) Short Blades
 - Level 19.8(20.0) Long Blades
 O Level 27 Ranged Weapons
 - Level 2.0 Throwing
 + Level 18.4 Armour
 - Level 10.0 Dodging
 - Level 3.0 Stealth
 - Level 16.0 Shields
 - Level 10.0 Spellcasting
 - Level 7.0 Conjurations
 - Level 3.0 Hexes
 - Level 10.0 Transmutations
 - Level 12.0 Ice Magic
 - Level 10.0 Earth Magic
 - Level 12.0 Invocations
 - Level 5.0 Evocations


You had 37 spell levels left.
You knew the following spells:

 Your Spells              Type           Power      Damage    Failure   Level
a - Wereblood             Tmut           35%        N/A       1%          2
b - Passwall              Tmut/Erth      29%        N/A       1%          2
c - Ensorcelled Hibernat  Hex/Ice        56%        N/A       1%          2
d - Hailstorm             Conj/Ice       33%        3d8       1%          3

Your spell library contained the following spells:

 Spells                   Type           Power      Damage    Failure   Level
 Freeze                   Ice            100%       1d10      1%          1
 Magic Dart               Conj           100%       1d8       1%          1
 Sandblast                Erth           70%        2d15      1%          1
 Stone Arrow              Conj/Erth      60%        3d10      2%          3
 Ice Form                 Ice/Tmut       37%        N/A       2%          4
 Petrify                  Tmut/Erth      35%        N/A       4%          4
 Slow                     Hex            60%        N/A       7%          1
 Static Discharge         Conj/Air       32%        2-4/arc   9%          2
 Spider Form              Tmut/Pois      21%        N/A       10%         3
 Leda's Liquefaction      Hex/Erth       12%        N/A       17%         4
 Ignite Poison            Fire/Tmut/Pois 16%        N/A       19%         3
 Irradiate                Conj/Tmut      15%        3d16      21%         5
 Confusing Touch          Hex            15%        N/A       22%         3
 Summon Small Mammal      Summ           28%        N/A       24%         1
 Mephitic Cloud           Conj/Pois/Air  13%        N/A       28%         3
 Call Imp                 Summ           14%        N/A       36%         2
 Cigotuvi's Dreadful Rot  Necr/Pois/Air  14%        N/A       36%         2
 Scorch                   Fire           14%        2d6       36%         2
 Sublimation of Blood     Necr           7%         N/A       36%         2
 Inner Flame              Hex/Fire       11%        N/A       36%         3
 Portal Projectile        Hex/Tloc       22%        N/A       36%         3
 Summon Guardian Golem    Hex/Summ       11%        N/A       36%         3
 Iskenderun's Battlesphe  Conj           26%        2d8       36%         5
 Yara's Violent Unravell  Hex/Tmut       12%        3d7       43%         5
 Freezing Cloud           Conj/Ice/Air   12%        6-21      45%         5
 Flame Wave               Conj/Fire      16%        2d7       50%         4
 Iskenderun's Mystic Bla  Conj/Tloc      16%        2d5       50%         4
 Sticky Flame             Conj/Fire      16%        2d4       50%         4
 Statue Form              Tmut/Erth      23%        N/A       52%         6
 Cause Fear               Hex            7%         N/A       56%         4
 Call Canine Familiar     Summ           7%         N/A       58%         3
 Swiftness                Air            7%         N/A       58%         3
 Vampiric Draining        Necr           7%         2d6       58%         3
 Vhi's Electric Charge    Tloc/Air       14%        N/A       58%         3
 Anguish                  Hex/Necr       5%         N/A       78%         4
 Fireball                 Conj/Fire      8%         3d6       85%         5
 Airstrike                Air            3%         2d(1-17)  94%         4
 Passage of Golubria      Tloc           7%         N/A       94%         4
 Summon Lightning Spire   Summ/Air       7%         N/A       94%         4
 Simulacrum               Ice/Necr       11%        N/A       97%         6
 Silence                  Hex/Air        5%         N/A       98%         5
 Summon Mana Viper        Hex/Summ       11%        N/A       98%         5
 Dragon Form              Tmut           17%        N/A       98%         7
 Eringya's Noxious Bog    Tmut/Pois      10%        N/A       99%         6
 Summon Forest            Summ/Tloc      3%         N/A       100%        5
 Conjure Ball Lightning   Conj/Air       8%         3x3d6     100%        6
 Starburst                Conj/Fire      8%         6d4       100%        6
 Summon Cactus Giant      Summ           3%         N/A       100%        6
 Enfeeble                 Hex            7%         N/A       100%        7
 Orb of Destruction       Conj           13%        9d7       100%        7
 Summon Hydra             Summ           3%         N/A       100%        7
 Discord                  Hex            7%         N/A       100%        8
 Disjunction              Tloc           3%         N/A       100%        8
 Lehudib's Crystal Spear  Conj/Erth      15%        10d5      100%        8
 Chain Lightning          Conj/Air       8%         3d10      100%        9
 Dragon's Call            Summ           3%         N/A       100%        9
 Fire Storm               Conj/Fire      8%         8d2       100%        9
 Shatter                  Erth           17%        3d16*     100%        9


Dungeon Overview and Level Annotations

Branches:
Dungeon (15/15)            Temple (1/1) D:6            Lair (5/5) D:8
  Swamp (4/4) Lair:2        Snake (4/4) Lair:2        Slime (0/5) Lair:4
    Orc (2/2) D:10            Elf (3/3) Orc:2        Vaults (5/5) D:14
  Crypt (3/3) Vaults:3       Tomb (0/3) Crypt:3      Depths (4/4) D:15
    Zot (5/5) Depths:4      IceCv (visited)         Volcano (visited)

Altars:
Ashenzari
Cheibriados
Dithmenos
Elyvilon
Fedhas
Gozag
Hepliaklqana
Kikubaaqudgha
Makhleb
Nemelex Xobeh
Okawaru
Qazlal
Ru
Sif Muna
Trog
Uskayaw
Vehumet
Wu Jian
Xom
Yredelemnul
Zin
The Shining One
Jiyva

Shops:
D:5 *   D:12 [([   D:13 :   Orc:2 *?:[(   Snake:4 ?   Vaults:3 (   Depths:2 **
Depths:4 (

Portals:
Hell: Depths:1 Depths:2 Depths:3 Depths:4
Abyss: Depths:3 Depths:4
Pandemonium: Depths:2
Ziggurat: Depths:1

Annotations:
D:5 1 exclusion
D:10 2 transporters, superbruh's ghost, journeyman MiFi
Zot:1 2 transporters, Vaid's ghost, master GnFi
Zot:4 1 runed translucent door, Sackuas's ghost, veteran OgBe


Innate Abilities, Weirdness & Mutations

Your life essence is reduced to manifest your ancestor. (-10% HP)
You have a pair of horns on your head.
You reflexively headbutt those who attack you in melee.
You are partially covered in iridescent scales. (AC +2)
You are frail. (-10% HP)
Your magical capacity is low. (-10% MP)
You sometimes lose the ability to read scrolls when taking damage.


Message History

Your body is wracked with pain!
You shoot a bolt. The bolt hits the Tzitzimitl!
The bolt burns the Tzitzimitl.
The Tzitzimitl is severely wounded.
Cihuaton hits the Tzitzimitl with a +0 broad axe of speed.
Cihuaton blocks the Tzitzimitl's attack.
The Tzitzimitl bites Cihuaton!
You shoot a bolt. The bolt barely misses the Tzitzimitl.
Cihuaton hits the Tzitzimitl but does no damage.
The Tzitzimitl gestures at you.
The bolt of negative energy hits Cihuaton.
Cihuaton completely resists.
The bolt of negative energy misses you.
You shoot a bolt. The bolt barely misses the Tzitzimitl.
Cihuaton mumbles some strange words.
Cihuaton seems to speed up.
The Tzitzimitl calls on the powers of darkness!
Your body is wracked with pain!
You feel threatened and lose the ability to read scrolls!
Cihuaton hits the Tzitzimitl with a +0 broad axe of speed!
You are too injured to fight recklessly!
You are too injured to fight recklessly!
Fire: m) +5 hand crossbow (flame)
Press: ? - help, Q - select action, (/) - cycle Shift-Dir - straight line, f/p - Tzitzimitl
Aim: a Tzitzimitl (almost dead, not watching you, ally target, 73% to hit)
You shoot a bolt. The bolt hits the Tzitzimitl.
The bolt burns the Tzitzimitl.
The Tzitzimitl is almost dead.
Cihuaton completely misses the Tzitzimitl.
The Tzitzimitl calls on the powers of darkness!
Your body is wracked with pain!
* * * LOW HITPOINT WARNING * * *
Fire: m) +5 hand crossbow (flame)
Press: ? - help, Q - select action, (/) - cycle Shift-Dir - straight line, f/p - Tzitzimitl
Aim: a Tzitzimitl (almost dead, ally target, 73% to hit)
You shoot a bolt. The bolt hits the Tzitzimitl!!
The bolt burns the Tzitzimitl.
You kill the Tzitzimitl!
You feel much better.
There is an open door here.
There is a staircase leading out of the dungeon here.
You can read scrolls again.
You have escaped!

###..........#...'.....#
..#..........#.8.#.....#
.............#...#.....#
....#'########...#.....#
#..##.#.....#######.##.#
#.....#.....# #####'##.#
..#.........# #.....##.#
..+.#.......# #..R..##.####
..###.......# #.@##.##....# ..#
#.#..#### #.....##....# ###
#.##.# #.....##....# #.##.##
########....# #.##..##########
##.#####
#.###..........####.....#
####+##.....##..........##.###
#...........##...######.##...#
##...........##...######..###.#


You could see the friendly Cihuaton the knight (fast, reflecting).

Vanquished Creatures
  A dread lich (Vaults:4)
  4 ancient liches
  3 orbs of fire (Zot:5)
  Mara (Depths:1)
  Sojobo (Depths:4)
  7 Killer Klowns
  Bai Suzhen (Vaults:4)
  A shard shrike (Zot:5)
  Saint Roka (Vaults:4)
  Xtahua (Depths:4)
  A curse toe (Zot:2)
  A pandemonium lord (Zot:2)
  Nikola (Swamp:1)
  7 golden dragons
  5 electric golems
  A Tzitzimitl (D:1)
  Zenata (Elf:1)
  17 Orb Guardians
  17 tentacled monstrosities
  Mlioglotl (Swamp:1)
  Rupert (D:15)
  3 liches
  4 deep elf blademasters
  Asterion (Elf:1)
  An acid blob (Zot:5)
  3 ancient champions
  A deep elf master archer (Elf:3)
  A titan (Vaults:4)
  The ghost of Caumakya the Peltast, an adept MiFi of Okawaru (Snake:3)
  A quicksilver dragon (Zot:1)
  4 death cobs
  Kirke (Swamp:2)
  2 sphinxes
  2 thorn hunters
  8 shadow dragons
  17 storm dragons
  8 tengu reavers
  3 fenstrider witches
  2 nagarajas (Snake:4)
  The ghost of superbruh the Executioner, a journeyman MiBe of Trog (Orc:2)
  4 fire giants
  2 revenants
  4 draconian knights
  7 draconian monks
  9 vault wardens
  A ghost moth (Zot:5)
  5 deep elf sorcerers
  2 draconian scorchers
  2 deep elf elementalists (Elf:3)
  6 frost giants
  A curse skull (Crypt:3)
  Aizul (Snake:4)
  19 ghouls
  The ghost of Wothajo the Destroyer, an adept HuWn of Vehumet (Orc:1)
  3 caustic shrike zombies
  A juggernaut zombie (Crypt:3)
  13 ironbound preservers
  2 spriggan defenders
  7 draconian annihilators
  4 draconian shifters
  A balrug (D:9)
  3 draconian stormcallers
  A war gargoyle (Vaults:5)
  24 very ugly things
  5 ironbound thunderhulks
  2 reapers
  11 stone giants
  The ghost of sampeng1 the Severer, a journeyman MiBe of Trog (Vaults:1)
  11 vampire knights
  Nessos (D:14)
  8 deep elf demonologists
  7 green draconians
  9 deep elf annihilators
  6 eleionomae
  2 purple draconians
  11 black draconians
  11 yellow draconians
  6 bunyips
  4 spark wasps
  5 white draconians
  5 dire elephants
  A minotaur (Orc:2)
  7 red draconians
  4 eidola
  A blizzard demon (Swamp:4)
  5 fire dragons
  13 jiangshi
  10 ettins
  7 deep elf death magi
  4 entropy weavers
  3 shambling mangroves
  8 yaktaur captains
  3 deep elf high priests
  The ghost of OhCrap the Cleaver, a journeyman MiFi of Qazlal (D:14)
  3 great orbs of eyes
  9 hydras
  32 vault guards
  3 spriggan air magi
  A rakshasa (Depths:1)
  3 catoblepae (D:14)
  5 salamander tyrants
  Erolcha (D:9)
  3 ghost crabs
  10 ice dragons
  15 ironbound frosthearts
  3 death knights (Crypt:1)
  6 boulder beetles
  12 centaur warriors
  7 anacondas
  2 ogre magi
  7 deep troll earth magi
  9 alligators
  6 two-headed ogres
  27 dancing weapons
  7 vampire magi
  5 deep troll shamans
  8 naga warriors
  6 tengu warriors
  12 death yaks
  7 naga sharpshooters
  6 spriggan berserkers
  6 shock serpents
  4 soul eaters
  8 hell knights
  23 deep elf knights
  A shadow wraith (Vaults:5)
  4 sixfirhies
  A titan skeleton (Crypt:2)
  6 iron trolls
  4 goliath frogs
  5 salamander mystics
  4 naga ritualists
  A bunyip zombie (Crypt:3)
  4 skysharks
  22 skeletal warriors
  38 deep trolls
  2 glowing orange brains
  3 sea snakes (Snake:1)
  5 flayed ghosts
  A sea snake (shapeshifter) (Vaults:5)
  A large abomination (Zot:2)
  6 spriggan druids
  9 wizards
  A spriggan simulacrum (Depths:1)
  6 bog bodies
  A bunyip skeleton (Crypt:2)
  6 necromancers
  8 swamp dragons
  8 deep elf archers
  A shadow dragon zombie (Crypt:3)
  4 harpies (Vaults:1)
  31 deep elf pyromancers
  5 orc knights
  18 ironbound convokers
  6 lindwurms
  A sphinx zombie (Crypt:3)
  A wolf spider (shapeshifter) (Elf:2)
  An orange crystal statue (IceCv)
  21 phantasmal warriors
  9 mana vipers
  3 orc sorcerers (Orc:2)
  8 cyclopes
  24 deep elf zephyrmancers
  A wolf spider (Lair:5)
  2 tengu skeletons
  An oklob plant (Lair:3)
  A salamander (shapeshifter) (Depths:4)
  15 salamanders
  37 ugly things
  2 centaur zombies
  5 manticores
  10 will-o-the-wisps
  30 moths of wrath
  20 vault sentinels
  6 guardian serpents
  A draconian skeleton (Crypt:1)
  A human skeleton (Crypt:2)
  17 elephants
  A naga zombie (Crypt:2)
  A molten gargoyle (Depths:1)
  A frost giant skeleton (Crypt:1)
  9 naga magi
  2 dire elephant zombies (Crypt:3)
  A centaur skeleton (Crypt:2)
  2 orange demons
  A gargoyle (D:8)
  An ice statue (D:11)
  28 black mambas
  2 torpor snails (Lair:5)
  A torpor snail (shapeshifter) (Vaults:5)
  11 rime drakes
  An unseen horror (D:11)
  3 kobold demonologists
  10 cane toads
  A dire elephant skeleton (Crypt:1)
  An efreet (Volcano)
  8 yaktaurs
  3 tengu conjurers
  2 tormentors
  9 freezing wraiths
  7 komodo dragons
  A queen bee (D:11)
  2 ice devils (Zot:2)
  A merfolk (shapeshifter) (Vaults:5)
  A harpy zombie (Crypt:3)
  3 trolls
  10 polar bears
  A bloated husk (Swamp:3)
  A hellwing (Swamp:4)
  A hornet (shapeshifter) (Vaults:5)
  A hydra skeleton (Crypt:2)
  Grinder (D:5)
  14 hornets
  A spectral guardian serpent (Crypt:3)
  An ettin zombie (Crypt:3)
  A tengu simulacrum (Crypt:1)
  A tarantella zombie (Crypt:1)
  14 blink frogs
  2 raiju (Zot:2)
  5 tyrant leeches
  13 dream sheep
  2 flying skulls (Crypt:1)
  2 shadows
  58 slime creatures
  2 vampires
  A centaur simulacrum (D:15)
  7 spriggans
  6 water elementals
  39 yaks
  3 air elementals
  14 wyverns
  4 fire elementals
  3 fire bats (D:9)
  3 hogs (Swamp:2)
  A redback (shapeshifter) (Vaults:4)
  4 basilisks
  A neqoxec (Swamp:4)
  15 wraiths
  7 redbacks
  An elf simulacrum (Vaults:1)
  3 steam dragons
  15 vampire mosquitoes
  2 chaos spawn (Swamp:4)
  2 swamp worms (shapeshifter)
  Menkaure (D:5)
  An acid dragon (Lair:5)
  39 nagas
  13 swamp worms
  A warg (Orc:1)
  A fire bat zombie (Crypt:1)
  19 water moccasins
  A glowing shapeshifter zombie (Depths:1)
  6 hell hounds
  Duvessa (D:7)
  A fire bat skeleton (Crypt:2)
  A floating eye (shapeshifter) (Vaults:5)
  A black bear (Lair:1)
  2 ice beasts
  26 orc warriors
  2 sky beasts (D:6)
  13 ogres
  A blink frog zombie (Crypt:3)
  4 wolves (Lair:2)
  3 boggarts (Vaults:1)
  A blink frog skeleton (Crypt:1)
  15 centaurs
  An orc skeleton (Vaults:1)
  10 bullfrogs
  2 human zombies (Vaults:1)
  4 kobold brigands
  A small abomination (Zot:2)
  3 necrophages (Crypt:2)
  A gnoll sergeant (D:7)
  A wyvern skeleton (Crypt:2)
  A scorpion (D:6)
  3 wights (D:8)
  A cyclops skeleton (Crypt:3)
  Dowan (D:7)
  A raiju zombie (Crypt:1)
  A polar bear zombie (Crypt:2)
  34 killer bees
  5 howler monkeys
  A spriggan skeleton (Crypt:3)
  A vampire bat (D:8)
  3 electric eels
  3 lava snakes (Lair:2)
  16 orc priests
  3 hounds
  Crazy Yiuf (D:2)
  3 jellies
  11 iguanas
  27 orc wizards
  5 lightning spires (Zot:2)
  8 hell rats
  16 gnolls
  A howler monkey skeleton (Crypt:3)
  5 adders
  A shadow imp (D:6)
  3 white imps
  An adder zombie (Crypt:1)
  An adder skeleton (Crypt:3)
  A worm (D:4)
  4 dart slugs
  65 orcs
  7 ball pythons
  4 bat skeletons (D:8)
  2 bat zombies (D:8)
  8 endoplasms
  5 giant cockroaches
  4 goblins
  10 hobgoblins
  3 jackals (D:2)
  29 kobolds
  3 quokkas
  6 bats
  2 frilled lizards (D:1)
  A frilled lizard skeleton (Crypt:2)
  6 rats
  A river rat zombie (Crypt:2)
  A butterfly (Lair:3)
1989 creatures vanquished.

Vanquished Creatures (collateral kills)
  3 orbs of fire (Zot:5)
  Parghit (Zot:1)
  Margery (Vaults:4)
  2 golden dragons
  A curse toe (Zot:5)
  Jorgrun (Orc:2)
  9 Orb Guardians (Zot:5)
  11 tentacled monstrosities
  2 quicksilver dragons
  3 titans (Vaults:5)
  Frances (D:14)
  A sphinx (Vaults:5)
  2 tengu reavers
  2 thorn hunters
  2 death cobs
  4 shadow dragons
  6 storm dragons
  3 nagarajas (Snake:4)
  A draconian knight (Zot:3)
  3 fire giants
  2 deep elf sorcerers
  A frost giant (IceCv)
  4 vault wardens
  A fenstrider witch (Swamp:3)
  2 draconian scorchers
  A demonspawn warmonger (Depths:4)
  2 deep elf elementalists (Elf:3)
  A curse skull (Crypt:3)
  3 ghouls
  An orc warlord (Vaults:2)
  2 spriggan defenders
  A draconian stormcaller (Zot:4)
  A caustic shrike skeleton (Crypt:2)
  3 ironbound preservers
  5 very ugly things
  A draconian shifter (Zot:4)
  5 stone giants
  An ironbound thunderhulk (Vaults:3)
  6 black draconians
  3 vampire knights
  3 green draconians
  6 red draconians
  Azrael (D:12)
  3 dire elephants
  A bunyip (shapeshifter) (Vaults:5)
  4 yellow draconians
  A purple draconian (Zot:2)
  3 white draconians
  The ghost of Newt the Markskobold, a journeyman KoHu of Hepliaklqana (Orc:1)
  3 ettins
  A blizzard demon (Swamp:4)
  A deep elf death mage (Elf:3)
  3 eidola (Crypt:2)
  Josephine (Orc:1)
  6 jiangshi (Crypt:3)
  2 yaktaur captains
  4 deep elf high priests
  4 great orbs of eyes
  2 fire dragons (Depths:3)
  An ice dragon (IceCv)
  6 vault guards
  3 hydras
  An entropy weaver (Vaults:5)
  Harold (D:11)
  5 spriggan air magi
  5 ogre magi
  5 ironbound frosthearts
  2 two-headed ogres
  A centaur warrior (D:14)
  6 anacondas
  2 catoblepae
  3 boulder beetles
  A titan zombie (Crypt:3)
  A deep troll shaman (Depths:3)
  7 vampire magi
  A tengu warrior (Depths:1)
  2 death yaks
  7 naga warriors
  4 dancing weapons
  2 deep troll earth magi (Depths:2)
  4 shock serpents
  12 naga sharpshooters
  An orc high priest (Orc:2)
  A spriggan berserker (D:15)
  A storm dragon zombie (Crypt:3)
  2 soul eaters
  2 sun demons (D:9)
  4 deep elf knights
  2 hell knights
  2 salamander mystics (Snake:4)
  A goliath frog (Swamp:1)
  A shadow wraith (Crypt:3)
  4 iron trolls
  A golden dragon zombie (Crypt:1)
  3 skeletal warriors
  A skyshark (Lair:5)
  A death drake (Swamp:3)
  20 deep trolls
  2 swamp dragons
  Lodul (D:14)
  4 deep elf archers
  A phantasmal warrior (Vaults:5)
  2 naga ritualists (Snake:4)
  A fenstrider witch simulacrum (Crypt:2)
  2 wizards
  3 ironbound convokers
  A deep elf pyromancer (Elf:2)
  3 deep elf zephyrmancers
  3 mana vipers
  5 lindwurms
  2 wolf spiders
  2 orc sorcerers (Orc:2)
  2 necromancers
  A worldbinder (Abyss:4)
  16 ugly things
  A cyclops (D:11)
  6 moths of wrath
  A human skeleton (Vaults:1)
  8 salamanders
  A moth of wrath (shapeshifter) (Vaults:4)
  A shadow dragon skeleton (Depths:1)
  4 elephants
  A centaur zombie (Crypt:1)
  6 naga magi
  2 guardian serpents
  13 black mambas
  A centaur skeleton (Crypt:2)
  A gargoyle (Volcano)
  2 cane toads
  2 kobold demonologists
  An unseen horror (D:13)
  3 yaktaurs
  4 komodo dragons
  A freezing wraith (Vaults:5)
  A tengu conjurer (Depths:4)
  A red devil (D:14)
  A sea snake skeleton (Crypt:3)
  2 trolls
  A polar bear (IceCv)
  A spectral guardian serpent (Crypt:3)
  A hellwing (Swamp:4)
  A meliai (shapeshifter) (Vaults:4)
  4 blink frogs
  A tyrant leech (Swamp:4)
  4 hornets
  4 dream sheep (Lair:5)
  A radroach zombie (Crypt:3)
  A flying skull (Crypt:1)
  13 slime creatures
  A shadow (D:11)
  A spriggan (Depths:3)
  2 fire elementals
  3 hogs (Swamp:2)
  A vampire (D:9)
  5 wyverns (Lair:5)
  6 wraiths
  A fire bat (D:9)
  8 yaks
  2 chaos spawn (Swamp:4)
  A neqoxec (Swamp:4)
  A steam dragon (Lair:5)
  A hog (shapeshifter) (Vaults:4)
  A basilisk (Lair:5)
  5 vampire mosquitoes
  21 nagas
  2 swamp worms
  2 acid dragons
  A naga zombie (Crypt:3)
  A water moccasin (Lair:5)
  A hell hound (D:12)
  5 orc warriors
  2 swamp drakes
  2 ogres (D:14)
  2 wolves (Lair:2)
  A swamp dragon skeleton (Crypt:2)
  2 centaurs
  A boggart (Vaults:1)
  A kobold brigand (D:8)
  2 bullfrogs (D:8)
  A salamander skeleton (Crypt:2)
  A wight (D:8)
  5 killer bees
  A lava snake (Lair:2)
  8 orc priests
  A basilisk skeleton (Crypt:1)
  A starcursed mass (Abyss:4)
  5 hell rats (Lair:5)
  7 orc wizards
  13 orcs
  4 kobolds
563 creatures vanquished.

Vanquished Creatures (others)
  A dread lich (Zot:5)
  A deep elf master archer (Elf:3)
  A quicksilver dragon (Zot:3)
  2 draconian shifters (Zot:2)
  An ironbound thunderhulk (Vaults:4)
  A yellow draconian (Zot:2)
  A yaktaur captain (Vaults:5)
  A centaur warrior (Vaults:1)
  A shock serpent (Zot:2)
  A deep elf archer (Elf:3)
  A deep elf zephyrmancer (Elf:2)
  2 yaktaurs
  An air elemental (Elf:2)
  A naga (Snake:1)
  57 knights
  5 ancestors
  5 ball lightnings (Zot:2)
  A fire vortex (D:6)
  17 foxfires
  45 fungi
  154 plants
  6 withered plants (Orc:1)
306 creatures vanquished.

Grand Total: 2858 creatures vanquished

Notes
Turn   | Place    | Note
-------+----------+-------------------------------------------
     0 | D:1      | Lobster4 the Minotaur Hunter began the quest for the Orb.
     0 | D:1      | Reached XP level 1. HP: 18/18 MP: 0/0
    58 | D:1      | Reached skill level 1 in Stealth
    88 | D:1      | You fall into a shaft and drop 1 floor!
   126 | D:1      | Reached XP level 2. HP: 25/25 MP: 1/1
   141 | D:1      | Reached skill level 1 in Armour
   287 | D:1      | Reached XP level 3. HP: 30/30 MP: 2/2
   473 | D:1      | Reached skill level 5 in Ranged Weapons
   784 | D:1      | Reached XP level 4. HP: 21/38 MP: 3/3
  1037 | D:2      | Found a runed translucent door.
  1038 | D:2      | Noticed Crazy Yiuf
  1629 | D:3      | Learned a level 2 spell: Passwall
  1641 | D:3      | Reached XP level 5. HP: 20/45 MP: 4/4
  1657 | D:3      | Got the Handbook of Terra Firma
  1666 | D:3      | Found a burning altar of Makhleb.
  2050 | D:3      | Found a shadowy altar of Dithmenos.
  2084 | D:3      | Reached XP level 6. HP: 58/58 MP: 5/5
  2194 | D:3      | Found a snail-covered altar of Cheibriados.
  2482 | D:3      | Found a faded altar of an unknown god.
  2702 | D:4      | Reached XP level 7. HP: 66/66 MP: 6/6
  3081 | D:5      | Entered Level 5 of the Dungeon
  3106 | D:5      | Reached skill level 1 in Long Blades
  3260 | D:5      | Noticed Grinder
  3273 | D:5      | Killed Grinder
  3274 | D:5      | Reached skill level 10 in Ranged Weapons
  3279 | D:5      | Reached XP level 8. HP: 73/73 MP: 7/7
  3504 | D:5      | Found Zin's Purification Station.
  3507 | D:5      | Found a glowing silver altar of Zin.
  3786 | D:5      | Found an ornate altar of the Wu Jian Council.
  3813 | D:5      | Noticed Menkaure
  3817 | D:5      | Killed Menkaure
  4220 | D:6      | Found a staircase to the Ecumenical Temple.
  4231 | Temple   | Entered the Ecumenical Temple
  4415 | Temple   | Became a worshipper of Hepliaklqana the Forgotten
  4910 | D:6      | Reached skill level 5 in Evocations
  5089 | D:6      | Found an opulent altar of Gozag.
  5239 | D:6      | Reached skill level 1 in Invocations
  5522 | D:6      | Reached XP level 9. HP: 50/80 MP: 8/8
  6409 | D:7      | Noticed Dowan
  6410 | D:7      | Noticed Duvessa
  6566 | D:7      | Reached * piety under Hepliaklqana
  6869 | D:7      | Killed Dowan
  6880 | D:7      | Killed Duvessa
  7028 | D:7      | Found a runed translucent door.
  7395 | D:2      | Killed Crazy Yiuf
  7600 | D:8      | Reached skill level 1 in Throwing
  7849 | D:8      | Noticed a gargoyle
  7870 | D:8      | Killed a gargoyle
  7871 | D:8      | Reached XP level 10. HP: 37/81 MP: 11/11
  8656 | D:8      | Found an ancient bone altar of Kikubaaqudgha.
  8767 | D:8      | Found a staircase to the Lair.
  9040 | D:9      | Reached ** piety under Hepliaklqana
  9044 | D:9      | Reached skill level 1 in Earth Magic
  9097 | D:9      | Remembered your ancestor Cihuaton as a knight
  9105 | D:9      | Found a transporter.
  9149 | D:9      | Found a radiant altar of Vehumet.
  9236 | D:9      | Reached skill level 1 in Transmutations
  9243 | D:9      | Reached skill level 1 in Spellcasting
  9257 | D:9      | Noticed Erolcha
  9411 | D:9      | Killed Erolcha
  9451 | D:9      | Found a transporter.
  9582 | D:10     | Entered Level 10 of the Dungeon
  9762 | D:10     | Noticed superbruh's ghost (journeyman MiFi)
  9896 | D:10     | Reached XP level 11. HP: 87/87 MP: 12/12
  9947 | D:10     | Found a staircase to the Orcish Mines.
 10146 | D:10     | Noticed a two-headed ogre
 10152 | D:10     | Killed a two-headed ogre
 10162 | D:10     | Found a transporter.
 10270 | D:10     | Found a transporter.
 10352 | D:10     | Identified the +0 robe of Least Resistance {Rampage
                  | *Corrode +Blink Regen+}
 10459 | D:11     | Noticed a boulder beetle
 10480 | D:11     | Killed a boulder beetle
 10624 | D:11     | Reached *** piety under Hepliaklqana
 10958 | D:11     | Reached skill level 10 in Fighting
 11002 | D:11     | Noticed a sun demon
 11348 | D:11     | Noticed a boulder beetle
 11356 | D:11     | Noticed a two-headed ogre
 11362 | D:11     | Killed a two-headed ogre
 11369 | D:11     | Killed a boulder beetle
 11370 | D:11     | Reached XP level 12. HP: 95/95 MP: 15/15
 11443 | D:11     | Noticed Harold
 11455 | D:11     | Killed Harold
 11456 | D:11     | Reached skill level 10 in Armour
 11975 | Lair:1   | Entered Level 1 of the Lair of Beasts
 13095 | Lair:2   | Found a staircase to the Snake Pit.
 13314 | Lair:2   | Found a staircase to the Swamp.
 13345 | Lair:2   | Reached skill level 15 in Ranged Weapons
 13402 | Lair:2   | Reached **** piety under Hepliaklqana
 14397 | Lair:3   | Found a stormy altar of Qazlal.
 14588 | Lair:3   | Reached XP level 13. HP: 97/105 MP: 16/16
 14720 | Lair:3   | Reached skill level 5 in Long Blades
 14747 | Lair:3   | Reached skill level 5 in Invocations
 15789 | Lair:4   | Found a viscous altar of Jiyva.
 15790 | Lair:4   | Found a staircase to the Slime Pits.
 16390 | Lair:5   | Entered Level 5 of the Lair of Beasts
 16639 | Lair:5   | Reached ***** piety under Hepliaklqana
 16653 | Lair:5   | Paralysed by a hornet for 2 turns
 16685 | Lair:4   | Reached XP level 14. HP: 90/116 MP: 17/17
 18083 | Lair:5   | Reached skill level 15 in Fighting
 18090 | Lair:5   | Identified the ring "Kulek" {Fly Str+5}
 18981 | Orc:1    | Entered Level 1 of the Orcish Mines
 18992 | Orc:1    | Found a dark tunnel.
 19009 | Volcano  | Entered a volcano
 19063 | Volcano  | Reached XP level 15. HP: 122/126 MP: 20/20
 19478 | Orc:2    | Entered Level 2 of the Orcish Mines
 19508 | Orc:2    | Found Humow's Assorted Antiques.
 19575 | Orc:1    | Noticed Josephine
 19592 | Orc:1    | Killed Josephine
 19634 | Orc:1    | Found a runed translucent gate.
 19634 | Orc:1    | Found a runed translucent gate.
 19634 | Orc:1    | Found a runed translucent gate.
 19651 | Orc:1    | Noticed Newt's ghost (journeyman KoHu)
 19651 | Orc:1    | Noticed Wothajo's ghost (adept HuWn)
 20087 | Orc:2    | Noticed superbruh's ghost (journeyman MiBe)
 20213 | Orc:2    | Found Beddunuv's Magic Scroll Shop.
 20213 | Orc:2    | Found Reutefay's Armour Boutique.
 20214 | Orc:2    | Found Nylef's Weapon Boutique.
 20219 | Orc:2    | Found Etadifar's Book Shop.
 20284 | Orc:2    | Found a runed translucent gate.
 20284 | Orc:2    | Found a runed translucent gate.
 20284 | Orc:2    | Found a runed translucent gate.
 20439 | Orc:2    | Noticed Jorgrun
 20452 | Orc:2    | Killed Jorgrun
 20512 | Orc:2    | Found a staircase to the Elven Halls.
 20982 | D:12     | Noticed Azrael
 21186 | D:12     | Found Rear's Armour Shop.
 21253 | D:12     | Reached ****** piety under Hepliaklqana
 21390 | D:12     | Found Dinitao's Antique Weapon Boutique.
 21397 | D:12     | Got the Elucidation of Conflagration
 21435 | D:12     | Killed Azrael
 21525 | D:12     | Bought an iridescent long sword for 272 gold pieces
 21525 | D:12     | Identified the +5 long sword "Jueriroc" {vamp, rN++ Int-4}
                  | (You bought it in a shop on level 12 of the Dungeon)
 21530 | D:12     | Found Muomemim's Antique Armour Shop.
 21588 | D:12     | Reached skill level 5 in Spellcasting
 21862 | D:13     | Found Leffaj's Tiny Tomes.
 21957 | D:12     | Bought a +1 scale mail of poison resistance for 130 gold
                  | pieces
 22114 | Snake:1  | Entered Level 1 of the Snake Pit
 23435 | Snake:1  | Identified the +1 helmet "Ihiet" {rPois rF+ rC+}
 23863 | Snake:2  | Reached XP level 16. HP: 122/136 MP: 22/22
 25043 | Snake:2  | HP: 5/138 [constriction (3)]
 25323 | Snake:3  | HP: 3/138 [salamander tyrant (37)]
 26456 | Snake:3  | Noticed Caumakya's ghost (adept MiFi)
 26463 | Snake:3  | Found a transporter.
 26638 | Snake:3  | Found a transporter.
 26644 | Snake:3  | Found a bloodstained altar of Trog.
 26893 | Snake:4  | Entered Level 4 of the Snake Pit
 27287 | Snake:4  | Identified a scroll of acquirement
 27386 | Snake:4  | Acquired a +4 antimagic longbow
 27902 | Snake:4  | Noticed Aizul
 27906 | Snake:4  | Reached XP level 17. HP: 145/145 MP: 8/24
 27919 | Snake:4  | Killed Aizul
 29428 | Snake:4  | Found Syduf's Magic Scroll Shop.
 29440 | Snake:4  | Bought a scroll of fear for 60 gold pieces
 29907 | Snake:4  | Got a serpentine rune of Zot
 30039 | Snake:4  | Bought a scroll of brand weapon for 142 gold pieces
 30301 | D:12     | Bought a pair of runed gloves for 247 gold pieces
 31361 | D:14     | Noticed Nessos
 31365 | D:14     | Killed Nessos
 31539 | D:14     | Found a frozen archway.
 31560 | IceCv    | Entered an ice cave
 32021 | IceCv    | Reached skill level 10 in Invocations
 32436 | D:14     | Identified the +5 rapier of Tension {spect, Stlth+}
 32705 | D:14     | Found a gate to the Vaults.
 32711 | D:14     | Reached XP level 18. HP: 154/154 MP: 26/26
 32737 | D:14     | Noticed Lodul
 32742 | D:14     | Killed Lodul
 32825 | D:14     | Noticed Frances
 32833 | D:14     | Killed Frances
 32851 | D:14     | Noticed OhCrap's ghost (journeyman MiFi)
 32862 | D:14     | Found a transporter.
 33054 | D:14     | Found a transporter.
 33203 | D:15     | Entered Level 15 of the Dungeon
 33223 | D:15     | Noticed Rupert
 33235 | D:15     | Killed Rupert
 33399 | D:15     | Found a staircase to the Depths.
 33467 | D:15     | Reached skill level 1 in Short Blades
 33508 | D:15     | Found an opulent altar of Gozag.
 34157 | Swamp:1  | Entered Level 1 of the Swamp
 34165 | Swamp:1  | Noticed Nikola
 34314 | Swamp:1  | Killed Nikola
 34692 | Swamp:1  | Noticed Mlioglotl
 34711 | Swamp:1  | Killed Mlioglotl
 35103 | Swamp:2  | Noticed Kirke
 35127 | Swamp:2  | Killed Kirke
 35293 | Swamp:2  | Reached skill level 5 in Earth Magic
 36655 | Swamp:4  | Entered Level 4 of the Swamp
 36763 | Swamp:4  | Reached skill level 1 in Shields
 37021 | Swamp:4  | Reached XP level 19. HP: 147/162 MP: 28/28
 37354 | Swamp:4  | Paralysed by an ogre mage for 4 turns
 38709 | Swamp:3  | HP: 4/163 [constriction (8)]
 39350 | Swamp:4  | Paralysed by an ogre mage for 2 turns
 39452 | Swamp:4  | Got a decaying rune of Zot
 39871 | Elf:1    | Entered Level 1 of the Elven Halls
 39935 | Elf:1    | Noticed Asterion
 39942 | Elf:1    | Killed Asterion
 40382 | Elf:1    | Noticed Zenata
 41816 | Elf:2    | Reached skill level 5 in Shields
 41898 | Elf:2    | Found a runed translucent gate.
 41899 | Elf:2    | Found a runed translucent gate.
 41899 | Elf:2    | Found a runed translucent gate.
 41926 | Elf:3    | Entered Level 3 of the Elven Halls
 42524 | Elf:3    | Learned a level 2 spell: Wereblood
 42568 | Elf:3    | Learned a level 2 spell: Ensorcelled Hibernation
 43000 | Elf:3    | Reached XP level 20. HP: 172/172 MP: 30/30
 43008 | Elf:3    | Reached skill level 1 in Ice Magic
 43427 | Elf:3    | Identified the ring of Fonuro {rF+ Slay+4}
 43878 | Elf:3    | Identified the +5 mace of Laceration {holy, rElec rF+ rC+
                  | Int+3}
 43878 | Elf:3    | Identified the ring of Moderation {rF+ rC++ MP+9}
 44023 | Elf:3    | Identified the amulet of Dajatal {Faith Harm MP+9 Str-4
                  | Dex+7}
 44070 | Elf:3    | Identified the +6 quarterstaff of Destiny {heavy, *Noise
                  | rN++ Will+ Str+2}
 44204 | Elf:3    | Got the Omnibus of Arcane Weapons
 44250 | Elf:3    | Identified the +1 ring mail "Viykh" {rElec Dex+3}
 44595 | Vaults:1 | Entered Level 1 of the Vaults
 44698 | Vaults:1 | Found a large runed translucent door.
 44698 | Vaults:1 | Found a large runed translucent door.
 44699 | Vaults:1 | Noticed sampeng1's ghost (journeyman MiBe)
 45473 | Vaults:1 | Reached skill level 10 in Dodging
 47448 | Vaults:2 | Reached skill level 15 in Armour
 47520 | Vaults:2 | Reached XP level 21. HP: 175/180 MP: 32/32
 47530 | Vaults:2 | Reached skill level 5 in Ice Magic
 47622 | Vaults:2 | Reached skill level 5 in Transmutations
 47908 | Vaults:2 | You fall into a shaft and drop 1 floor!
 49408 | Vaults:3 | Found a staircase to the Crypt.
 49408 | Vaults:3 | Found an ancient bone altar of Kikubaaqudgha.
 49409 | Vaults:3 | Found a basalt altar of Yredelemnul.
 49774 | Vaults:3 | Found Appocesk's Weapon Emporium.
 50815 | Vaults:4 | Reached skill level 10 in Shields
 51432 | Vaults:4 | Reached XP level 22. HP: 191/191 MP: 34/34
 51944 | Depths:1 | Entered Level 1 of the Depths
 52227 | Depths:1 | Noticed Mara
 52234 | Depths:1 | Noticed Lobster4's illusion
 52358 | Depths:1 | HP: 9/191 [tengu warrior/bolt (13)]
 52402 | Depths:1 | Noticed Lobster4's illusion
 52696 | D:15     | Reached skill level 27 in Ranged Weapons
 53360 | Depths:1 | Killed Mara
 53386 | Depths:1 | Found a gateway to Hell.
 53433 | Depths:1 | Found a hazy altar of Hepliaklqana.
 53454 | Depths:1 | Found a one-way gateway to a ziggurat.
 53681 | Depths:2 | You fall into a shaft and drop 2 floors!
 53681 | Depths:4 | Entered Level 4 of the Depths
 53689 | Depths:4 | Noticed a golden dragon
 53694 | Depths:4 | Killed a golden dragon
 53852 | Depths:2 | Found Unodaff's Assorted Antiques.
 53874 | Depths:2 | Reached skill level 10 in Spellcasting
 54661 | Depths:2 | Bought a scroll of teleportation for 75 gold pieces
 54773 | Depths:2 | Got A Tutorial on the Hermetic Truths
 55040 | Depths:2 | Found a one-way gate leading to the halls of Pandemonium.
 55139 | Depths:2 | Found Geusaps's Assorted Antiques.
 55826 | Depths:3 | Identified the +3 great mace "Lytrorcha" {pain, +Blink}
 55901 | Depths:3 | Found a shimmering blue altar of Sif Muna.
 56104 | Depths:3 | Reached XP level 23. HP: 152/201 MP: 36/36
 56124 | Depths:3 | Reached skill level 10 in Ice Magic
 56443 | Depths:3 | Identified the +2 leather armour "Geatam" {Slay+2}
 56454 | Depths:3 | Found a one-way gate to the infinite horrors of the Abyss.
 56772 | Depths:3 | Identified the +9 sling of the Lesser Evil {flame, Str+7
                  | Int+3 Dex-5}
 56788 | Depths:3 | Identified the +4 mace of Seluzopy {speed, MP+9}
 57403 | Depths:4 | Found a gate to the Realm of Zot.
 57694 | Depths:4 | Noticed Xtahua
 57704 | Depths:4 | Killed Xtahua
 57741 | Depths:4 | Noticed Sojobo
 57756 | Depths:4 | Killed Sojobo
 57992 | Depths:4 | Reached skill level 10 in Long Blades
 58164 | Depths:4 | Found Geusiob's Antique Weapon Emporium.
 58685 | D:9      | Identified the +1 helmet of Irauniuj {rElec Dex+3}
 59030 | D:14     | Killed OhCrap's ghost
 59119 | D:14     | Identified the amulet "Itianlen" {Reflect Fragile rElec rC-
                  | Dex+6 SH+5}
 59418 | Snake:3  | Killed Caumakya's ghost
 59833 | Orc:1    | Killed Wothajo's ghost
 59838 | Orc:1    | Killed Newt's ghost
 60000 | Orc:2    | Killed superbruh's ghost
 60103 | Elf:1    | Killed Zenata
 61029 | Vaults:1 | Killed sampeng1's ghost
 61156 | Crypt:1  | Entered Level 1 of the Crypt
 61886 | Crypt:1  | Identified the ring of the Present {rF+ rN+ Will+ Int+6}
 61920 | Crypt:1  | Learned a level 3 spell: Hailstorm
 62225 | Crypt:1  | Reached skill level 1 in Conjurations
 62347 | Crypt:2  | Reached skill level 1 in Hexes
 62348 | Crypt:2  | Reached XP level 24. HP: 215/216 MP: 36/36
 63380 | Crypt:3  | Entered Level 3 of the Crypt
 64035 | Crypt:3  | Found a staircase to the Tomb.
 64253 | Crypt:3  | Paralysed by something for 4 turns
 64277 | Crypt:3  | Paralysed by something for 4 turns
 64901 | Crypt:3  | Found a shimmering altar of Xom.
 66008 | Vaults:5 | Entered Level 5 of the Vaults
 66012 | Vaults:5 | Noticed Margery
 66015 | Vaults:5 | Reached skill level 5 in Conjurations
 66017 | Vaults:5 | Noticed Bai Suzhen
 66350 | Vaults:4 | Killed Bai Suzhen
 66705 | Vaults:5 | Reached XP level 25. HP: 105/227 MP: 36/36
 67992 | Vaults:4 | Killed Margery
 68175 | Vaults:5 | Noticed Saint Roka
 68609 | Vaults:4 | Killed Saint Roka
 68895 | Vaults:5 | Identified the +7 glaive of the Walnut {drain, Str+7}
 68903 | Vaults:5 | Reached skill level 10 in Earth Magic
 68951 | Vaults:5 | Noticed a dread lich
 69054 | Vaults:4 | Killed a dread lich
 69130 | Vaults:5 | Reached skill level 27 in Fighting
 69429 | Vaults:5 | Found the +5 demon whip "Spellbinder" {antimagic, disrupt,
                  | Will+}
 69455 | Vaults:5 | Identified the +6 falchion "Grim Tooth" {speed, rElec
                  | Will+}
 69467 | Vaults:5 | Got a silver rune of Zot
 69619 | Vaults:5 | Noticed an ancient lich
 69626 | Vaults:5 | Killed an ancient lich
 70006 | Vaults:5 | Found the +5 scythe "Finisher" {speed, execute}
 70200 | Vaults:5 | Identified the staff of death "Epa Dies" {rN+ rCorr}
 70306 | Vaults:5 | Identified the +0 cloak of Italagur {SInv}
 70515 | Vaults:5 | Identified the ring "Ewafof" {rPois Will+ Dex+3}
 70543 | Vaults:5 | Got the Guidebook on Shifting
 70565 | Vaults:5 | Identified the staff of earth "Xurud" {rC+ Dex+4 Stlth+}
 70668 | Vaults:5 | Identified the +2 whip of the Ass {freeze, rElec Str+3}
 71446 | Zot:1    | Entered Level 1 of the Realm of Zot
 71892 | Zot:1    | Noticed a dread lich
 72037 | Zot:1    | Found a transporter.
 72039 | Zot:1    | Noticed Vaid's ghost (master GnFi)
 72045 | Zot:1    | Found a transporter.
 72046 | Zot:1    | Noticed an ancient lich
 72063 | Zot:1    | Noticed Parghit
 72075 | Zot:1    | Killed Parghit
 74498 | Zot:2    | Reached XP level 26. HP: 220/239 MP: 36/36
 76489 | Zot:3    | Noticed an ancient lich
 76731 | Zot:3    | Reached skill level 15 in Long Blades
 77293 | Zot:3    | Upgraded the game from 0.30-a0-1114-gd936c97349 to
                  | 0.30-a0-1116-gebefce21f7
 77927 | Zot:4    | Found a runed translucent door.
 77928 | Zot:4    | Found a shimmering altar of Xom.
 77928 | Zot:4    | Noticed Sackuas's ghost (veteran OgBe)
 78366 | Zot:5    | Entered Level 5 of the Realm of Zot
 78866 | Zot:5    | Identified the +8 falchion of the Thirteen Places {vamp,
                  | Fly rF+}
 79274 | Zot:5    | Reached skill level 15 in Shields
 79349 | Zot:5    | Noticed an ancient lich
 79353 | Zot:5    | Noticed a dread lich
 79358 | Zot:5    | Killed an ancient lich
 79360 | Zot:5    | Killed a dread lich
 79483 | Zot:5    | Noticed an orb of fire
 79527 | Zot:5    | Gained mutation: Your body sometimes deteriorates upon
                  | taking damage. [an orb of fire]
 79528 | Zot:5    | Gained mutation: Your spells are a little easier to cast,
                  | but a little less powerful. [an orb of fire]
 79532 | Zot:5    | Gained mutation: You sometimes lose your temper in combat.
                  | [an orb of fire]
 79536 | Zot:5    | Killed an orb of fire
 79865 | Zot:5    | Reached XP level 27. HP: 232/245 MP: 36/36
 79891 | Zot:5    | Noticed an orb of fire
 79891 | Zot:5    | Noticed an orb of fire
 79898 | Zot:5    | Killed an orb of fire
 79901 | Zot:5    | Killed an orb of fire
 80078 | Zot:5    | Noticed an orb of fire
 80086 | Zot:5    | Noticed an ancient lich
 80088 | Zot:5    | Noticed an orb of fire
 80088 | Zot:5    | Noticed an orb of fire
 80102 | Zot:5    | Gained mutation: Your system is resistant to poisons.
                  | (rPois) [an orb of fire]
 80106 | Zot:5    | Gained mutation: You are dopey. (Int -2) [an orb of fire]
 80139 | Zot:4    | Lost mutation: Your body sometimes deteriorates upon taking
                  | damage. [potion of mutation]
 80139 | Zot:4    | Lost mutation: You sometimes lose your temper in combat.
                  | [potion of mutation]
 80139 | Zot:4    | Lost mutation: You are dopey. (Int -2) [potion of mutation]
 80139 | Zot:4    | Gained mutation: You are partially covered in iridescent
                  | scales. (AC +2) [potion of mutation]
 80139 | Zot:4    | Gained mutation: Your flesh is heat resistant. (rF+)
                  | [potion of mutation]
 80139 | Zot:4    | Gained mutation: You are agile. (Dex +4, Str/Int -1)
                  | [potion of mutation]
 80139 | Zot:4    | Gained mutation: Your mind is acute. (Int +4, Str/Dex -1)
                  | [potion of mutation]
 80338 | Zot:5    | Killed an orb of fire
 80371 | Zot:5    | Noticed an ancient lich
 80376 | Zot:5    | Killed an ancient lich
 80382 | Zot:5    | Gained mutation: You are frail. (-10% HP) [an orb of fire]
 80383 | Zot:5    | Gained mutation: Your magical capacity is low. (-10% MP)
                  | [an orb of fire]
 80388 | Zot:5    | Gained mutation: You have very sharp teeth. [an orb of
                  | fire]
 80392 | Zot:5    | Killed an orb of fire
 80444 | Zot:5    | Reached skill level 10 in Transmutations
 80550 | Zot:5    | Gained mutation: You occasionally lose the ability to read
                  | scrolls when taking damage. [an orb of fire]
 80557 | Zot:5    | Lost mutation: You are agile. (Dex +4, Str/Int -1) [an orb
                  | of fire]
 80560 | Zot:5    | Killed an orb of fire
 80693 | Zot:5    | Lost mutation: Your flesh is heat resistant. (rF+) [potion
                  | of mutation]
 80693 | Zot:5    | Lost mutation: Your magical capacity is low. (-10% MP)
                  | [potion of mutation]
 80694 | Zot:5    | Lost mutation: Your spells are a little easier to cast, but
                  | a little less powerful. [potion of mutation]
 80694 | Zot:5    | Lost mutation: Your system is resistant to poisons. (rPois)
                  | [potion of mutation]
 80694 | Zot:5    | Gained mutation: You have sharp toenails. [potion of
                  | mutation]
 80695 | Zot:5    | Lost mutation: You have sharp toenails. [potion of
                  | mutation]
 80695 | Zot:5    | Lost mutation: Your mind is acute. (Int +4, Str/Dex -1)
                  | [potion of mutation]
 80695 | Zot:5    | Gained mutation: You sometimes lose the ability to read
                  | scrolls when taking damage. [potion of mutation]
 80695 | Zot:5    | Gained mutation: You are mostly covered in iridescent
                  | scales. (AC +4) [potion of mutation]
 80695 | Zot:5    | Gained mutation: Your magical capacity is low. (-10% MP)
                  | [potion of mutation]
 80695 | Zot:5    | Gained mutation: You have sharp fingernails. [potion of
                  | mutation]
 80696 | Zot:5    | Lost mutation: You have sharp fingernails. [potion of
                  | mutation]
 80696 | Zot:5    | Lost mutation: You are mostly covered in iridescent scales.
                  | (AC +4) [potion of mutation]
 80696 | Zot:5    | Gained mutation: You are weak. (Str -2) [potion of
                  | mutation]
 80697 | Zot:5    | Lost mutation: You are weak. (Str -2) [potion of mutation]
 80697 | Zot:5    | Lost mutation: You have very sharp teeth. [potion of
                  | mutation]
 81427 | Zot:5    | Killed an ancient lich
 81803 | Zot:5    | Got the Orb of Zot
 81872 | Zot:2    | Noticed Puomi the pandemonium lord
 81879 | Abyss:4  | Cast into level 4 of the Abyss (Puomi)
 81910 | Abyss:4  | Found a corrupted altar of Lugonu.
 81931 | Zot:2    | Escaped the Abyss
 81952 | Zot:2    | Killed Puomi the pandemonium lord
 81956 | Zot:2    | Noticed Jucwoab the pandemonium lord
 82353 | D:6      | Noticed Nonwaf the pandemonium lord
 82555 | D:$      | Escaped with the Orb!

Illustrated notes

Levels and vault maps discovered:
D:1:      dpeg_arrival_rooms_b, layout_basic, kennysheep_pointless_box,
          kennysheep_decorative_pillar
D:2:      layout_basic, uniq_crazy_yiuf_cottage
D:3:      layout_loops_ring, mainiacjoe_overflow_alcove_2,
          mainiacjoe_overflow_surrounded_room, nicolae_overflow_crystal_walls,
          ebering_ecumenical_altar_mist, serial_bayou_pond_e, kennysheep_donut
D:4:      layout_loops_cross
D:5:      layout_basic, mainiacjoe_overflow_alcove_1, zin_purify,
          lightli_corner_chamber, uniq_menkaure, uniq_grinder
D:6:      layout_loops_corners, nicolae_overflow_hidden_temple,
          minmay_temple_entry_glassed_door
D:7:      layout_loops_ring, lightli_church_of_beogh, uniq_duvessa
D:8:      layout_layer_cave, kennysheep_vampire_church,
          grunt_lair_entry_orc_guard_hut, nrook_pool_corridor
D:9:      gammafunk_cloud_chamber, layout_cave_pools, vehumet_crystals,
          uniq_erolcha
D:10:     layout_loops_cross, david_orc_3, gammafunk_ghost_stat_death
D:11:     layout_loops_ring, special_room [special_room_bee], nzn_random_ring,
          uniq_harold
D:12:     layout_rooms, serial_shops, nicolae_shop_waterfront,
          kennysheep_little_box, shop, uniq_azrael
D:13:     minmay_swirls_squares, layout_long_grid,
          nicolae_shop_i_like_small_books_too
D:14:     layout_long_grid, lightli_vaults_fourway_checkpoint,
          portal_ice_cave_entry_frozen_things,
          gammafunk_ghost_berserking_beasts, minivault_23, uniq_frances,
          uniq_nessos, uniq_lodul
D:15:     grunt_enter_depths_giant_problem, layout_loops_ring,
          lemuel_crystal_altar, uniq_rupert
Temple:   dpeg_chambers_temple
Lair:1:   layout_loops_ring, infiniplex_staircase_pool_2
Lair:2:   layout_layer_cave, minmay_swamp_entry_reptiles,
          nicolae_snake_entry_warm_welcome, special_room
Lair:3:   layout_roguey, lemuel_oklob_altar, lemuel_fruit_fields,
          lemuel_fruit_tree, infiniplex_staircase_pool, serial_bayou_shore_b
Lair:4:   layout_small_grid, minmay_slime_entry_pillars, grunt_megastairs_1,
          serial_bayou_shore_b, serial_bayou_shore_b
Lair:5:   hangedman_lair_tendril_chambers, layout_regular_city,
          guppyfry_lair_end_dragon, hangedman_lair_generics_rect
Swamp:1:  layout_basic_swamp, evilmike_swamp_ruin_house_3, swamp_pool1,
          nicolae_swamp_trees_clearing, uniq_nikola, uniq_mlioglotl
Swamp:2:  layout_basic_swamp, evilmike_swamp_ruin_house_2, uniq_kirke
Swamp:3:  layout_falls_marsh, nicolae_swamp_little_swirl, swamp_pool1
Swamp:4:  nzn_swamp_witches_coven, layout_basic_swamp
Snake:1:  layout_basic, nrook_loot_triangle, grunt_ministairs_11,
          serial_bayou_shore_a
Snake:2:  layout_concentric_octagons, grunt_megastairs_2
Snake:3:  layout_rooms, gammafunk_ghost_wrathful_warriors
Snake:4:  johnstein_snake_rune_scales, layout_cave_town, serial_shops, shop,
          uniq_aizul
Orc:1:    layout_caves, gammafunk_ghost_cemetery,
          nicolae_volcano_entry_lava_flow, uniq_josephine
Orc:2:    st_orc_mages, layout_diamond_mine, serial_shops,
          nicolae_shop_tiny_glass, maelrawn_ghost_gauntlet_escape, uniq_jorgrun
Elf:1:    minmay_elf_arrival_summoners, layout_rooms, serial_corexii_hall,
          corexii_hall_statues_t, corexii_hall_statues_l,
          hangedman_corner_corridor, uniq_asterion, uniq_zenata
Elf:2:    nicolae_elf_blades_crystal_corner, layout_loops_corners,
          lemuel_flamethrower_2
Elf:3:    minmay_elf_hall_furrowed, layout_onion_city
Vaults:1: ebering_ghost_disaster_area, v_misc_31, hangedman_vaults_stream,
          vaults_dpeg_ring, v_pattern_5, vaults_dpeg_cross,
          vaults_room_door_ring, hangedman_vaults_corner, nicolae_vaults_arrows,
          v_misc_11, vaults_mumra_chevron_long, layout_vaults_omnibox
Vaults:2: grunt_vaults_funnel, v_misc_9, v_misc_19, vaults_room_octagon,
          nicolae_vaults_diagonal_hallway_7, vaults_room_pools,
          grunt_vaults_hallway_short, vaults_dpeg_diagonal,
          vaults_room_stairs_pillars, layout_vaults_big_room
Vaults:3: nicolae_vaults_network_periphery, nicolae_vaults_little_squares_5,
          minmay_crypt_entry_necro_gods, dpeg_vaults_monster_box,
          vaults_room_stairs_pillars, nicolae_vaults_inception_scallops,
          nicolae_vaults_quartermaster, vaults_room_fours,
          nicolae_vaults_yaktaur_gun_rack, ontoclasm_vaults_fault,
          layout_vaults_omnigrid
Vaults:4: nicolae_vaults_little_squares_3, vaults_room_fancy_cross, v_misc_5,
          st_smaller_cells, v_misc_29, v_misc_15, v_misc_30,
          hangedman_vaults_stagger, nicolae_vaults_alarming, v_rooms_1,
          ontoclasm_vaults_shuriken, layout_vaults_big_cross
Vaults:5: uniq_bai_suzhen, uniq_margery, uniq_saint_roka
Crypt:1:  layout_misc_corridors, amcnicky_mini_pool_small,
          minmay_misc_feat_alley, moated_statue, lemuel_freeze_loot_1,
          grunt_crypt_arrival_webbed
Crypt:2:  layout_regular_city, roderic_lattice_octagonal_star
Crypt:3:  church_of_pain_bobbens, layout_chaotic_city,
          nrook_guardian_serpent_ordinary
Depths:1: kennysheep_big_flooded_room, layout_cave_pools, enter_ziggurat_b,
          serial_bayou_lagoon_a, hell_entry, nicolae_hepliaklqana_hazy_memory,
          uniq_mara
Depths:2: kennysheep_ambush_hall, layout_cave_shapes, pan_entry, hell_entry,
          serial_shops, shop, nicolae_shop_statue_plus, grunt_decor_cap,
          chequers_serial_rivers_micro_a
Depths:3: minmay_the_grid_plus_closed [minmay_the_grid_spin_star,
          minmay_the_grid_mess, minmay_the_grid_minigrid_small,
          minmay_the_grid_diamond_grid,
          minmay_the_grid_prize_four_corners_diamond_b], layout_cave_shapes,
          lemuel_blue_sif_altar, abyss_entry, hell_entry
Depths:4: grunt_zot_entry_funnels, layout_gridlike, serial_shops,
          nicolae_shop_crystal, nrook_campfire, abyss_entry, hell_entry,
          uniq_sojobo, uniq_xtahua
Zot:1:    layout_concentric_octagons, gammafunk_ghost_mausoleum, uniq_parghit
Zot:2:    infiniplex_zot_generator, layout_basic, uniq_josephina
Zot:3:    ebering_klown_carousel, layout_onion
Zot:4:    layout_gridlike, ebering_ghost_xom, st_stairs_5, skrybe_zot_glass_2
Zot:5:    layout_concentric_octagons

Skill      XL: |  1  2  3  4  5  6  7  8  9 10 11 12 13 14 15 16 17 18 19 20 21 22 23 24 25 26 27 |
---------------+----------------------------------------------------------------------------------+-----
Stealth        | 1 2 3 |  3.0
Armour         | 1 2 6 7 8 9 10 12 13 14 15 16 18 | 18.4
Ranged Weapons | 5 9 10 11 12 13 15 17 19 21 22 23 24 25 26 27 | 27.0
Fighting       | 3 6 7 8 9 10 11 13 15 16 17 18 19 20 21 22 25 26 27 | 27.0
Dodging        | 3 6 7 9 10 | 10.0
Evocations     | 4 5 |  5.0
Long Blades    | 1 2 3 4 5 7 8 9 12 14 16 19 | 19.8
Invocations    | 1 3 4 6 8 10 11 12 | 12.0
Throwing       | 1 2 |  2.0
Earth Magic    | 1 3 4 5 6 9 10 | 10.0
Transmutations | 1 3 4 5 6 9 10 | 10.0
Spellcasting   | 1 2 3 4 5 6 7 8 9 10 | 10.0
Short Blades   | 3 4 |  4.0
Shields        | 1 5 7 10 13 15 16 | 16.0
Ice Magic      | 4 5 9 10 11 12 | 12.0
Conjurations   | 1 5 6 7 |  7.0
Hexes          | 1 3 |  3.0

Action                     |  1- 3 |  4- 6 |  7- 9 | 10-12 | 13-15 | 16-18 | 19-21 | 22-24 | 25-27 || total
---------------------------+-------+-------+-------+-------+-------+-------+-------+-------+-------++-------
  Melee: Hand axe          |       |       |     3 |     6 |       |       |       |       |       ||     9
         Headbutt          |       |       |       |     3 |       |       |       |     5 |       ||     8
         Rapier            |       |       |       |       |       |       |       |    23 |       ||    23
   Fire: Shortbow          |    82 |   147 |   428 |   874 |  1650 |   841 |       |       |       ||  4022
         Longbow           |       |       |       |       |       |   866 |  1671 |  1870 |   445 ||  4852
         Hand crossbow     |       |       |       |       |       |       |       |       |   926 ||   926
  Throw: Dart              |       |       |       |     6 |     3 |       |     6 |       |       ||    15
   Cast: Wereblood         |       |       |       |       |       |       |     4 |       |    14 ||    18
         Hailstorm         |       |       |       |       |       |       |       |     1 |     1 ||     2
 Invoke: Recall Ancestor   |       |       |     1 |     5 |     9 |     7 |     8 |    16 |    12 ||    58
         Ancestor Life: Kn |       |       |       |     1 |       |       |       |       |       ||     1
         Idealise          |       |       |       |       |       |       |     2 |     2 |     1 ||     5
  Evoke: Wand              |       |     1 |    10 |     1 |     6 |       |       |     9 |     7 ||    34
         Lightning rod     |       |       |       |       |       |       |     7 |     3 |       ||    10
         Phantom mirror    |       |       |       |       |       |       |       |     2 |       ||     2
    Use: Scroll            |       |    10 |     8 |    15 |    10 |    17 |    16 |    21 |    15 ||   112
         Potion            |       |     1 |     4 |     1 |     2 |     4 |     4 |    10 |    13 ||    39
 Armour: Leather armour    |     1 |       |       |       |       |       |       |       |       ||     1
         Ring mail         |     4 |    29 |    40 |    18 |       |       |    33 |   191 |       ||   315
         Troll leather arm |       |       |       |    50 |    90 |       |       |       |       ||   140
         Scale mail        |       |       |       |       |    15 |   105 |       |       |       ||   120
         Robe              |       |       |       |       |       |    14 |    52 |       |       ||    66
         Storm dragon scal |       |       |       |       |       |       |       |    29 |   119 ||   148
         Quicksilver drago |       |       |       |       |       |       |       |       |   131 ||   131
  Dodge: Dodged            |    28 |    60 |   147 |   260 |   364 |   312 |   300 |   481 |   320 ||  2272
  Block: Other             |       |       |       |       |       |       |       |    57 |    46 ||   103
         Reflection        |       |       |       |       |       |       |       |     1 |    19 ||    20
         Kite shield       |       |       |       |       |       |       |       |       |   288 ||   288

Table legend: (Time is in decaauts)
 A = Elapsed time spent in this place.
 B = Non-inter-level travel time spent in this place.
 C = Inter-level travel time spent in this place.
 D = Time resting spent in this place.
 E = Time spent auto-exploring this place.
 F = Levels seen in this place.
 G = Mean time per level.
                   A        B        C        D        E       F      G
               +--------+--------+--------+--------+--------+-----+--------+
         Total |  81352 |  72948 |   8404 |  17905 |  37890 |  54 | 1506.5 |
       Dungeon |  20003 |  16783 |   3220 |   2883 |  10123 |  15 | 1333.5 |
        Temple |    232 |    209 |     23 |      0 |    192 |   1 |  232.0 |
          Lair |   7252 |   6246 |   1006 |    522 |   4068 |   5 | 1450.4 |
         Swamp |   5274 |   5008 |    266 |   1960 |   2162 |   4 | 1318.5 |
     Snake Pit |   8384 |   7602 |    782 |   2410 |   3604 |   4 | 2096.0 |
  Orcish Mines |   1972 |   1415 |    557 |     30 |    809 |   2 |  986.0 |
   Elven Halls |   5267 |   4898 |    369 |   1286 |   2442 |   3 | 1755.7 |
        Vaults |  11451 |  10617 |    834 |   3398 |   5080 |   5 | 2290.2 |
         Crypt |   4624 |   4333 |    291 |    840 |   2454 |   3 | 1541.3 |
        Depths |   5831 |   5312 |    519 |   1765 |   2342 |   4 | 1457.8 |
           Zot |   9960 |   9427 |    533 |   2765 |   4151 |   5 | 1992.0 |
         Abyss |     53 |     53 |      0 |      0 |      0 |   1 |   53.0 |
      Ice Cave |    769 |    769 |      0 |     22 |    352 |   1 |  769.0 |
       Volcano |    274 |    274 |      0 |     21 |    108 |   1 |  274.0 |
               +--------+--------+--------+--------+--------+-----+--------+

Top non-repeatable levels by time:
Vaults:4: 4513 daAuts
   Zot:5: 3117 daAuts
   Zot:2: 2720 daAuts
 Snake:4: 2549 daAuts
   Elf:3: 2406 daAuts
    D:14: 2385 daAuts
 Swamp:3: 2378 daAuts
 Snake:2: 2177 daAuts
     D:6: 2147 daAuts
    D:11: 2112 daAuts
Vaults:1: 2089 daAuts
 Snake:3: 2057 daAuts
 Crypt:3: 1999 daAuts
Vaults:5: 1917 daAuts
  Lair:5: 1893 daAuts
